St.Louis Blues vs Dallas Stars

Created - Tuesday, September 2, 2025 at 08:00

Goals
1 2 3 T
St.Louis Blues 0 2 0 2
Dallas Stars 1 2 1 4
Shots
1 2 3 T
St.Louis Blues 4 17 12 33
Dallas Stars 10 13 11 34

1st period

1. Dallas Stars , Alex Iafallo 6 (Jakob Chychrun 9, Trevor van Riemsdyk 10) at 2:03

Penalties :
Jakob Chychrun (DAL) for Cross-checking (Minor) at 8:39, Mikhail Sergachev (STL) for Roughing (Minor) at 17:33

2nd period

2. Dallas Stars , Luke Kunin 9 (Jordan Martinook 10, Jordan Greenway 8) at 5:25
3. St.Louis Blues , Mark Stone 2 (Jack Eichel 14, Robert Thomas 23) at 8:02
4. St.Louis Blues , Elias Pettersson 7 (Vincent Trocheck 9) at 8:37
5. Dallas Stars , Jordan Greenway 6 (Jakob Chychrun 10, Philip Tomasino 4) at 15:37

Penalties :
Arber Xhekaj (DAL) for Delaying the game (Minor) at 10:39, Adam Pelech (STL) for Hooking (Minor) at 12:45, Jordan Martinook (DAL) for Fighting (Major) at 17:21, Brayden Point (STL) for Fighting (Major) at 17:21, Robert Thomas (STL) for Goalie Interference (Minor) at 18:58

3rd period

6. Dallas Stars , Elias Lindholm 10 (Josh Anderson 8) at 19:24 (Empty Net)

Penalties :
Arber Xhekaj (DAL) for Roughing (Minor) at 8:39

Goalie Stats

Connor Hellebuyck (STL), 30 saves from 33 shots - (0.909), L, 10-7-2, 59:09 minutes
Alex Lyon (DAL), 31 saves from 33 shots - (0.939), W, 10-4-0, 60:00 minutes

Players Stats for St.Louis Blues

Player Name              G  A  P  +/- PIM S  H  SB GA TA FO     MP     PP MP  PK MP  
------------------------------------------------------------------------------------
Adam Pelech              0  0  0   1  2   0  2  0  0  0  0/0     8:31   0:00   0:00 
Alex Tuch                0  0  0  -1  0   2  1  0  0  0  0/0    14:02   2:45   0:00 
Artem Zub                0  0  0   1  0   1  0  2  0  1  0/0    19:20   0:00   2:41 
Brandon Hagel            0  0  0   0  0   2  2  1  2  1  0/0    16:49   2:45   0:00 
Brayden Point            0  0  0   0  5   2  0  1  0  0  7/12   16:40   3:40   0:00 
Connor Clifton           0  0  0   1  0   0  1  2  0  0  0/0    12:17   0:00   3:16 
Elias Pettersson         1  0  1  -1  0   2  2  0  0  0  0/0    11:06   0:04   0:00 
Isac Lundestrom          0  0  0   0  0   2  1  1  0  0  5/10   11:04   0:04   2:54 
Jaccob Slavin            0  0  0  -4  0   4  0  2  0  2  0/0    25:07   0:00   3:16 
Jack Eichel              0  1  1  -1  0   0  1  0  1  0  2/2    18:06   3:08   0:01 
Jake Guentzel            0  0  0  -1  0   1  2  0  0  0  0/0    17:58   3:08   0:00 
Jake Sanderson           0  0  0   1  0   3  2  3  0  0  0/0    23:34   3:40   2:41 
Joona Koppanen           0  0  0   0  0   0  2  0  0  0  0/0    11:24   0:00   3:02 
Logan O'Connor           0  0  0   0  0   2  0  0  0  0  0/1    11:08   0:04   2:54 
Mark Stone               1  0  1   0  0   1  0  0  0  1  0/1    16:38   2:17   0:00 
Mikhail Sergachev        0  0  0  -4  2   5  1  3  0  0  0/0    25:07   2:17   0:00 
Robert Thomas            0  1  1  -1  2   3  2  0  0  1  8/24   17:59   3:08   0:00 
Vincent Trocheck         0  1  1  -1  0   3  3  0  0  0  11/17  17:09   2:45   3:03 

Players Stats for Dallas Stars

Player Name              G  A  P  +/- PIM S  H  SB GA TA FO     MP     PP MP  PK MP  
------------------------------------------------------------------------------------
Alex Iafallo             1  0  1   1  0   3  0  0  0  0  0/0    12:58   1:01   0:00 
Arber Xhekaj             0  0  0  -1  4   2  0  0  0  0  0/0    15:04   0:00   0:14 
Brendan Gallagher        0  0  0   0  0   3  2  1  1  0  2/2    19:15   2:55   2:50 
Cam York                 0  0  0  -1  0   0  0  2  0  0  0/0    15:20   0:00   0:48 
Dougie Hamilton          0  0  0   2  0   0  1  0  0  0  0/0    22:35   3:00   2:47 
Elias Lindholm           1  0  1   0  0   5  3  2  1  0  11/24  19:47   2:55   3:07 
Jack Drury               0  0  0   1  0   2  3  0  1  0  5/8    11:37   0:00   0:00 
Jakob Chychrun           0  2  2   1  2   0  2  1  1  1  0/0    22:03   2:57   2:08 
Joel Kiviranta           0  0  0   0  0   1  0  0  1  0  0/0     9:39   0:00   0:00 
Jonatan Berggren         0  0  0   0  0   1  0  0  0  0  0/0     9:36   0:00   0:00 
Jordan Greenway          1  1  2   1  0   4  2  2  0  1  0/1    16:07   3:02   0:00 
Jordan Martinook         0  1  1   1  5   2  1  1  0  1  5/5    17:14   2:01   2:50 
Josh Anderson            0  1  1   0  0   3  2  1  0  0  0/2    20:02   2:55   3:07 
Luke Kunin               1  0  1   1  0   3  2  1  0  0  10/23  16:01   3:02   0:00 
Philip Tomasino          0  1  1   0  0   1  0  0  0  0  1/2     9:36   0:00   0:00 
Rasmus Ristolainen       0  0  0   2  0   2  1  1  1  0  0/0    22:35   3:00   2:47 
Trent Frederic           0  0  0   1  0   2  1  0  0  0  0/0    11:37   0:00   0:00 
Trevor van Riemsdyk      0  1  1   1  0   0  0  3  0  0  0/0    22:53   2:57   3:10 

3 Stars

1 - Jordan Greenway (DAL)
2 - Luke Kunin (DAL)
3 - Elias Lindholm (DAL)

Power Play

St.Louis Blues - 0 on 3 Attempt(s) - 0.00%
Dallas Stars - 0 on 3 Attempt(s) - 0.00%

Penalty Kill

St.Louis Blues - 3 on 3 Attempt(s) - 100.00% - Score 0 goal in Penalty Kill
Dallas Stars - 3 on 3 Attempt(s) - 100.00% - Score 0 goal in Penalty Kill

Team Stat

St.Louis Blues - Hits : 22 - Faceoff Wins : 33 - Blocked Shots : 15 - Penalty Minutes : 11
Dallas Stars - Hits : 20 - Faceoff Wins : 34 - Blocked Shots : 15 - Penalty Minutes : 11

Official

Referees : Brian Pochmara and Reid Anderson
Linesman : Ryan Gibbons and Tommy Hughes

Game Notes

Brayden Point beats up Jordan Martinook at 17:21 of 2nd period
Elias Lindholm has scored in a empty net!

Finance

Level 1 -- Attendance: 5440 (90.67%) -- Ticket Income $489,600
Level 2 -- Attendance: 4689 (93.78%) -- Ticket Income $234,450
Level 3 -- Attendance: 2868 (95.60%) -- Ticket Income $86,040
Level 4 -- Attendance: 3469 (69.38%) -- Ticket Income $86,725
Luxury Box -- Attendance: 1000 (100.00%) -- Ticket Income $190,000
Game was played at the American Airlines Center.
Total Attendance: 17466 (87.33%)
Total Ticket Income: $1,086,815
Other Income: $380,385
Total Income: $1,467,200

St.Louis Blues

5 vs 5 Forward 
   Center                   Left Wing                Right Wing               Time % Phy DF OF 
 1 Robert Thomas            Jack Eichel              Jake Guentzel            35     0   2  3  
 2 Brayden Point            Brandon Hagel            Mark Stone               35     0   2  3  
 3 Vincent Trocheck         Elias Pettersson         Alex Tuch                25     1   2  2  
 4 Isac Lundestrom          Joona Koppanen           Logan O'Connor           5      1   3  1  

5 vs 5 Defense 
   Defense                  Defense                                           Time % Phy DF OF 
 1 Mikhail Sergachev        Jaccob Slavin                                     45     1   2  2  
 2 Jake Sanderson           Artem Zub                                         35     1   2  2  
 3 Adam Pelech              Connor Clifton                                    20     1   3  1  
 4 Mikhail Sergachev        Jaccob Slavin                                     0      1   2  2  

PowerPlay Forward 
   Center                   Left Wing                Right Wing               Time % Phy DF OF 
 1 Robert Thomas            Jack Eichel              Jake Guentzel            60     1   0  4  
 2 Vincent Trocheck         Brandon Hagel            Alex Tuch                40     1   0  4  

PowerPlay Defense
   Defense                  Defense                                           Time % Phy DF OF 
 1 Brayden Point            Jake Sanderson                                    60     0   1  4  
 2 Mark Stone               Mikhail Sergachev                                 40     0   1  4  

Penalty Kill 4 Players Forward 
   Center                   Wing                     Time % Phy DF OF 
 1 Vincent Trocheck         Joona Koppanen           50     2   3  0  
 2 Isac Lundestrom          Logan O'Connor           50     1   4  0  

Penalty Kill 4 Players Defense
   Defense                  Defense                  Time % Phy DF OF 
 1 Jaccob Slavin            Connor Clifton           50     1   4  0  
 2 Jake Sanderson           Artem Zub                50     1   4  0  

Penalty Kill - 3 Players Forward 
   Forward                                           Time % Phy DF OF 
 1 Vincent Trocheck                                  50     0   5  0  
 2 Isac Lundestrom                                   50     0   5  0  

Penalty Kill - 3 Players Defense
   Defense                  Defense                  Time % Phy DF OF 
 1 Jaccob Slavin            Connor Clifton           50     0   5  0  
 2 Jake Sanderson           Artem Zub                50     0   5  0  

4 vs 4 Forward 
   Center                   Wing                     Time % Phy DF OF 
 1 Jack Eichel              Brayden Point            50     0   2  3  
 2 Robert Thomas            Jake Guentzel            50     0   2  3  

4 vs 4 Defense
   Defense                  Defense                  Time % Phy DF OF 
 1 Jake Sanderson           Mikhail Sergachev        50     0   3  2  
 2 Artem Zub                Jaccob Slavin            50     0   3  2  

Last Minutes Offensive
   Center                   Left Wing                Right Wing               Defense                  Defense                  
   Robert Thomas            Jack Eichel              Jake Guentzel            Brayden Point            Mikhail Sergachev        

Last Minutes Defensive
   Center                   Left Wing                Right Wing               Defense                  Defense                  
   Vincent Trocheck         Isac Lundestrom          Logan O'Connor           Jake Sanderson           Jaccob Slavin            

Goaltenders
Starting : Connor Hellebuyck        
Backup : Scott Wedgewood          

Extra Forwards
Normal : Brandon Hagel, Jake Guentzel, Alex Tuch - PP : Vincent Trocheck, Brayden Point - PK : Jack Eichel
Extra Defensemen
Normal : Jake Sanderson, Mikhail Sergachev, Jaccob Slavin - PP : Jake Sanderson - PK : Jaccob Slavin, Jake Sanderson
Penalty Shots
Vincent Trocheck, Jack Eichel, Brayden Point, Jake Guentzel, Brandon Hagel

Scratches
Luke Glendening (Healthy), Yanni Gourde (Healthy), Colton Parayko (Healthy)

Dallas Stars

5 vs 5 Forward 
   Center                   Left Wing                Right Wing               Time % Phy DF OF 
 1 Elias Lindholm           Josh Anderson            Brendan Gallagher        30     1   2  2  
 2 Luke Kunin               Jordan Martinook         Jordan Greenway          30     1   2  2  
 3 Jack Drury               Alex Iafallo             Trent Frederic           25     1   2  2  
 4 Philip Tomasino          Joel Kiviranta           Jonatan Berggren         15     1   2  2  

5 vs 5 Defense 
   Defense                  Defense                                           Time % Phy DF OF 
 1 Rasmus Ristolainen       Dougie Hamilton                                   35     1   2  2  
 2 Trevor van Riemsdyk      Jakob Chychrun                                    35     1   2  2  
 3 Arber Xhekaj             Cam York                                          30     1   2  2  
 4 Rasmus Ristolainen       Dougie Hamilton                                   0      1   2  2  

PowerPlay Forward 
   Center                   Left Wing                Right Wing               Time % Phy DF OF 
 1 Elias Lindholm           Josh Anderson            Brendan Gallagher        50     1   2  2  
 2 Luke Kunin               Jordan Martinook         Jordan Greenway          50     1   2  2  

PowerPlay Defense
   Defense                  Defense                                           Time % Phy DF OF 
 1 Rasmus Ristolainen       Dougie Hamilton                                   50     1   2  2  
 2 Trevor van Riemsdyk      Jakob Chychrun                                    50     1   2  2  

Penalty Kill 4 Players Forward 
   Center                   Wing                     Time % Phy DF OF 
 1 Elias Lindholm           Josh Anderson            50     1   2  2  
 2 Jordan Martinook         Brendan Gallagher        50     1   2  2  

Penalty Kill 4 Players Defense
   Defense                  Defense                  Time % Phy DF OF 
 1 Rasmus Ristolainen       Dougie Hamilton          50     1   2  2  
 2 Trevor van Riemsdyk      Jakob Chychrun           50     1   2  2  

Penalty Kill - 3 Players Forward 
   Forward                                           Time % Phy DF OF 
 1 Elias Lindholm                                    50     1   2  2  
 2 Josh Anderson                                     50     1   2  2  

Penalty Kill - 3 Players Defense
   Defense                  Defense                  Time % Phy DF OF 
 1 Rasmus Ristolainen       Dougie Hamilton          50     1   2  2  
 2 Trevor van Riemsdyk      Jakob Chychrun           50     1   2  2  

4 vs 4 Forward 
   Center                   Wing                     Time % Phy DF OF 
 1 Elias Lindholm           Josh Anderson            50     1   2  2  
 2 Jordan Martinook         Brendan Gallagher        50     1   2  2  

4 vs 4 Defense
   Defense                  Defense                  Time % Phy DF OF 
 1 Rasmus Ristolainen       Dougie Hamilton          50     1   2  2  
 2 Trevor van Riemsdyk      Jakob Chychrun           50     1   2  2  

Last Minutes Offensive
   Center                   Left Wing                Right Wing               Defense                  Defense                  
   Elias Lindholm           Josh Anderson            Brendan Gallagher        Rasmus Ristolainen       Dougie Hamilton          

Last Minutes Defensive
   Center                   Left Wing                Right Wing               Defense                  Defense                  
   Elias Lindholm           Josh Anderson            Brendan Gallagher        Rasmus Ristolainen       Dougie Hamilton          

Goaltenders
Starting : Alex Lyon                
Backup : Marc-Andre Fleury        

Extra Forwards
Normal : Alex Iafallo, Joel Kiviranta, Jack Drury - PP : Alex Iafallo, Joel Kiviranta - PK : Jack Drury
Extra Defensemen
Normal : Rasmus Ristolainen, Cam York, Trevor van Riemsdyk - PP : Dougie Hamilton - PK : Cam York, Trevor van Riemsdyk
Penalty Shots
Elias Lindholm, Josh Anderson, Jordan Martinook, Brendan Gallagher, Alex Iafallo

Scratches
Filip Chytil (Healthy), Jonas Siegenthaler (Strained Right Elbow Injury), Semyon Varlamov (Healthy)

% Time on Ice - St.Louis Blues

Lines # - Real PCT - Wanted PCT - Time Play
Normal Forward
1 - 32% - 35% - 15:02
2 - 30% - 35% - 14:05
3 - 22% - 25% - 10:32
4 - 17% - 5% - 7:59
Normal Defense
1 - 47% - 45% - 22:11
2 - 36% - 35% - 16:56
3 - 18% - 20% - 8:31
4 - 0% - 0% - 0:00
PP Forward
1 - 54% - 60% - 3:12
2 - 46% - 40% - 2:45
PP Defense
1 - 62% - 60% - 3:40
2 - 38% - 40% - 2:17
PK Forward
1 - 51% - 50% - 3:03
2 - 49% - 50% - 2:54
PK Defense
1 - 55% - 50% - 3:16
2 - 45% - 50% - 2:41
PK3 Forward
1 - 0% - 50%
2 - 0% - 50%
PK3 Defense
1 - 0% - 50%
2 - 0% - 50%
44 Forward
1 - 0% - 50%
2 - 0% - 50%
44 Defense
1 - 0% - 50%
2 - 0% - 50%
Last Minute Offensive  - 0:28
Last Minute Defensive  - 0:00
Total
Forward - 60:00
Defense - 60:00

% Time on Ice - Dallas Stars

Lines # - Real PCT - Wanted PCT - Time Play
Normal Forward
1 - 28% - 30% - 13:18
2 - 28% - 30% - 13:08
3 - 24% - 25% - 11:37
4 - 20% - 15% - 9:36
Normal Defense
1 - 34% - 35% - 16:26
2 - 35% - 35% - 16:46
3 - 30% - 30% - 14:27
4 - 0% - 0% - 0:00
PP Forward
1 - 49% - 50% - 2:55
2 - 51% - 50% - 3:02
PP Defense
1 - 50% - 50% - 3:00
2 - 50% - 50% - 2:57
PK Forward
1 - 52% - 50% - 3:07
2 - 48% - 50% - 2:50
PK Defense
1 - 47% - 50% - 2:47
2 - 53% - 50% - 3:10
PK3 Forward
1 - 0% - 50%
2 - 0% - 50%
PK3 Defense
1 - 0% - 50%
2 - 0% - 50%
44 Forward
1 - 0% - 50%
2 - 0% - 50%
44 Defense
1 - 0% - 50%
2 - 0% - 50%
Last Minute Offensive  - 0:00
Last Minute Defensive  - 0:27
Total
Forward - 60:00
Defense - 60:00

Play-by-Play

1st period


0:01 of 1st period - Robert Thomas wins face-off versus Elias Lindholm in neutral zone.
0:26 of 1st period - Mark Stone is hit by Jordan Greenway and loses puck.
0:37 of 1st period - Backhand shot by Brandon Hagel.
0:37 of 1st period - Stopped by Alex Lyon without a rebound.
0:38 of 1st period - Vincent Trocheck wins face-off versus Jack Drury in Dallas Stars zone.
0:49 of 1st period - Snap shot by Alex Tuch.
0:49 of 1st period - Stopped by Alex Lyon without a rebound.
0:50 of 1st period - Philip Tomasino wins face-off versus Logan O'Connor in Dallas Stars zone.
1:37 of 1st period - Trevor van Riemsdyk is hit by Adam Pelech and loses puck.
1:41 of 1st period - Icing by Trevor van Riemsdyk.
1:42 of 1st period - Jack Drury wins face-off versus Vincent Trocheck in Dallas Stars zone.
2:01 of 1st period - Slapshot by Jakob Chychrun.
2:01 of 1st period - Shot Blocked by Jaccob Slavin.
2:03 of 1st period - Slapshot by Alex Iafallo.
2:03 of 1st period - Goal by Alex Iafallo - St.Louis Blues : 0 - Dallas Stars : 1.
2:04 of 1st period - Elias Lindholm wins face-off versus Robert Thomas in neutral zone.
2:07 of 1st period - Wrist shot by Brendan Gallagher.
2:07 of 1st period - Stopped by Connor Hellebuyck without a rebound.
2:08 of 1st period - Elias Lindholm wins face-off versus Robert Thomas in St.Louis Blues zone.
2:18 of 1st period - Slapshot by Robert Thomas.
2:18 of 1st period - Shot Blocked by Elias Lindholm.
2:24 of 1st period - Snap shot by Jack Eichel.
2:24 of 1st period - Shot Hit the Post.
3:22 of 1st period - Snap shot by Jake Sanderson.
3:22 of 1st period - Stopped by Alex Lyon with a rebound.
4:20 of 1st period - Wrist shot by Vincent Trocheck.
4:20 of 1st period - Shot Misses the Net.
5:39 of 1st period - Alex Tuch is hit by Jack Drury and loses puck.
5:46 of 1st period - Jakob Chychrun is hit by Vincent Trocheck and loses puck.
6:07 of 1st period - Jonatan Berggren is hit by Jake Guentzel and loses puck.
6:24 of 1st period - Rasmus Ristolainen is hit by Joona Koppanen and loses puck.
6:41 of 1st period - Snap shot by Philip Tomasino.
6:41 of 1st period - Shot Blocked by Isac Lundestrom.
6:49 of 1st period - Wrist shot by Joel Kiviranta.
6:49 of 1st period - Shot Misses the Net.
6:51 of 1st period - Snap shot by Arber Xhekaj.
6:51 of 1st period - Stopped by Connor Hellebuyck with a rebound.
7:44 of 1st period - Slapshot by Philip Tomasino.
7:44 of 1st period - Stopped by Connor Hellebuyck with a rebound.
8:15 of 1st period - Snap shot by Logan O'Connor.
8:15 of 1st period - Deflect By Isac Lundestrom.
8:15 of 1st period - Shot Misses the Net.
8:15 of 1st period - Puck is out of play.
8:16 of 1st period - Luke Kunin wins face-off versus Brayden Point in Dallas Stars zone.
8:27 of 1st period - Snap shot by Luke Kunin.
8:27 of 1st period - Shot Blocked by Mikhail Sergachev.
8:39 of 1st period - Minor Penalty to Jakob Chychrun for Cross-checking.
8:40 of 1st period - Robert Thomas wins face-off versus Elias Lindholm in Dallas Stars zone.
10:13 of 1st period - Robert Thomas is hit by Jordan Martinook and loses puck.
10:39 of 1st period - Penalty to Jakob Chychrun is over, Jakob Chychrun is back on ice.
10:40 of 1st period - Brendan Gallagher is hit by Elias Pettersson and loses puck.
12:58 of 1st period - Mikhail Sergachev is hit by Elias Lindholm and loses puck.
14:31 of 1st period - Vincent Trocheck is hit by Brendan Gallagher and loses puck.
15:04 of 1st period - Snap shot by Joel Kiviranta.
15:04 of 1st period - Stopped by Connor Hellebuyck without a rebound.
15:05 of 1st period - Brayden Point wins face-off versus Luke Kunin in St.Louis Blues zone.
15:20 of 1st period - Snap shot by Jordan Martinook.
15:20 of 1st period - Stopped by Connor Hellebuyck without a rebound.
15:21 of 1st period - Jack Eichel wins face-off versus Jack Drury in St.Louis Blues zone.
15:50 of 1st period - Slapshot by Elias Lindholm.
15:50 of 1st period - Shot Misses the Net.
16:00 of 1st period - Slapshot by Elias Lindholm.
16:00 of 1st period - Stopped by Connor Hellebuyck without a rebound.
16:01 of 1st period - Luke Kunin wins face-off versus Vincent Trocheck in St.Louis Blues zone.
16:36 of 1st period - Wrist shot by Brayden Point.
16:36 of 1st period - Stopped by Alex Lyon without a rebound.
16:37 of 1st period - Robert Thomas wins face-off versus Elias Lindholm in Dallas Stars zone.
16:38 of 1st period - Snap shot by Jack Eichel.
16:38 of 1st period - Shot Misses the Net.
16:52 of 1st period - Wrist shot by Elias Lindholm.
16:52 of 1st period - Stopped by Connor Hellebuyck without a rebound.
16:53 of 1st period - Luke Kunin wins face-off versus Mark Stone in St.Louis Blues zone.
17:18 of 1st period - Elias Lindholm is hit by Jake Guentzel and loses puck.
17:33 of 1st period - Minor Penalty to Mikhail Sergachev for Roughing.
17:34 of 1st period - Vincent Trocheck wins face-off versus Josh Anderson in St.Louis Blues zone.
17:52 of 1st period - Off-side.
17:53 of 1st period - Vincent Trocheck wins face-off versus Luke Kunin in neutral zone.
18:06 of 1st period - Snap shot by Jordan Martinook.
18:06 of 1st period - Shot Blocked by Connor Clifton.
18:08 of 1st period - Wrist shot by Jordan Greenway.
18:08 of 1st period - Stopped by Connor Hellebuyck with a rebound.
19:33 of 1st period - Penalty to Mikhail Sergachev is over, Mikhail Sergachev is back on ice.
19:48 of 1st period - Snap shot by Jack Drury.
19:48 of 1st period - Deflect By Trent Frederic.
19:48 of 1st period - Stopped by Connor Hellebuyck with a rebound.
Goals for this period are 0 for St.Louis Blues vs 1 for Dallas Stars.
Shots for this period are 4 for St.Louis Blues vs 10 for Dallas Stars.

2nd period


0:01 of 2nd period - Brayden Point wins face-off versus Elias Lindholm in neutral zone.
0:04 of 2nd period - Trevor van Riemsdyk is hit by Brandon Hagel and loses puck.
0:27 of 2nd period - Jakob Chychrun is hit by Vincent Trocheck and loses puck.
0:38 of 2nd period - Slapshot by Vincent Trocheck.
0:38 of 2nd period - Shot Misses the Net.
0:40 of 2nd period - Slapshot by Mikhail Sergachev.
0:40 of 2nd period - Shot Blocked by Elias Lindholm.
1:22 of 2nd period - Wrist shot by Joel Kiviranta.
1:22 of 2nd period - Shot Misses the Net.
1:56 of 2nd period - Snap shot by Elias Pettersson.
1:56 of 2nd period - Shot Misses the Net.
2:20 of 2nd period - Snap shot by Mikhail Sergachev.
2:20 of 2nd period - Stopped by Alex Lyon with a rebound.
2:22 of 2nd period - Slapshot by Mikhail Sergachev.
2:22 of 2nd period - Stopped by Alex Lyon with a rebound.
2:24 of 2nd period - Slapshot by Mikhail Sergachev.
2:24 of 2nd period - Stopped by Alex Lyon with a rebound.
2:26 of 2nd period - Slapshot by Mikhail Sergachev.
2:26 of 2nd period - Deflect By Philip Tomasino.
2:26 of 2nd period - Stopped by Alex Lyon with a rebound.
2:28 of 2nd period - Slapshot by Jaccob Slavin.
2:28 of 2nd period - Shot Misses the Net.
2:30 of 2nd period - Wrist shot by Logan O'Connor.
2:30 of 2nd period - Stopped by Alex Lyon with a rebound.
3:01 of 2nd period - Snap shot by Jack Drury.
3:01 of 2nd period - Shot Blocked by Mikhail Sergachev.
3:22 of 2nd period - Adam Pelech is hit by Luke Kunin and loses puck.
4:04 of 2nd period - Robert Thomas is hit by Jack Drury and loses puck.
4:20 of 2nd period - Icing by Adam Pelech.
4:21 of 2nd period - Elias Lindholm wins face-off versus Robert Thomas in St.Louis Blues zone.
4:34 of 2nd period - Snap shot by Josh Anderson.
4:34 of 2nd period - Shot Misses the Net.
4:49 of 2nd period - Icing by Dougie Hamilton.
4:50 of 2nd period - Luke Kunin wins face-off versus Brayden Point in Dallas Stars zone.
5:11 of 2nd period - Snap shot by Jordan Martinook.
5:11 of 2nd period - Shot Blocked by Brandon Hagel.
5:23 of 2nd period - Snap shot by Jordan Martinook.
5:23 of 2nd period - Shot Blocked by Mikhail Sergachev.
5:25 of 2nd period - Slapshot by Luke Kunin.
5:25 of 2nd period - Goal by Luke Kunin - St.Louis Blues : 0 - Dallas Stars : 2.
5:26 of 2nd period - Robert Thomas wins face-off versus Elias Lindholm in neutral zone.
5:43 of 2nd period - Wrist shot by Robert Thomas.
5:43 of 2nd period - Shot Blocked by Trevor van Riemsdyk.
6:17 of 2nd period - Arber Xhekaj is hit by Vincent Trocheck and loses puck.
6:46 of 2nd period - Backhand shot by Robert Thomas.
6:46 of 2nd period - Stopped by Alex Lyon with a rebound.
7:01 of 2nd period - Off-side.
7:02 of 2nd period - Elias Lindholm wins face-off versus Isac Lundestrom in neutral zone.
7:05 of 2nd period - Artem Zub is hit by Elias Lindholm and loses puck.
7:18 of 2nd period - Wrist shot by Isac Lundestrom.
7:18 of 2nd period - Stopped by Alex Lyon without a rebound.
7:19 of 2nd period - Brayden Point wins face-off versus Luke Kunin in Dallas Stars zone.
7:33 of 2nd period - Off-side.
7:34 of 2nd period - Robert Thomas wins face-off versus Elias Lindholm in neutral zone.
7:34 of 2nd period - Robert Thomas is hit by Jakob Chychrun.
7:44 of 2nd period - Snap shot by Jack Eichel.
7:44 of 2nd period - Shot Blocked by Josh Anderson.
8:02 of 2nd period - Wrist shot by Mark Stone.
8:02 of 2nd period - Goal by Mark Stone - St.Louis Blues : 1 - Dallas Stars : 2.
8:03 of 2nd period - Elias Lindholm wins face-off versus Brayden Point in neutral zone.
8:08 of 2nd period - Snap shot by Brendan Gallagher.
8:08 of 2nd period - Stopped by Connor Hellebuyck with a rebound.
8:10 of 2nd period - Wrist shot by Josh Anderson.
8:10 of 2nd period - Stopped by Connor Hellebuyck with a rebound.
8:18 of 2nd period - Snap shot by Josh Anderson.
8:18 of 2nd period - Shot Blocked by Jaccob Slavin.
8:28 of 2nd period - Jordan Greenway is hit by Robert Thomas and loses puck.
8:33 of 2nd period - Snap shot by Jake Guentzel.
8:33 of 2nd period - Shot Blocked by Luke Kunin.
8:35 of 2nd period - Snap shot by Robert Thomas.
8:35 of 2nd period - Stopped by Alex Lyon without a rebound.
8:36 of 2nd period - Vincent Trocheck wins face-off versus Elias Lindholm in Dallas Stars zone.
8:37 of 2nd period - Slapshot by Elias Pettersson.
8:37 of 2nd period - Goal by Elias Pettersson - St.Louis Blues : 2 - Dallas Stars : 2.
8:38 of 2nd period - Brayden Point wins face-off versus Elias Lindholm in neutral zone.
8:53 of 2nd period - Snap shot by Elias Lindholm.
8:53 of 2nd period - Stopped by Connor Hellebuyck without a rebound.
8:54 of 2nd period - Vincent Trocheck wins face-off versus Luke Kunin in St.Louis Blues zone.
9:15 of 2nd period - Icing by Vincent Trocheck.
9:16 of 2nd period - Vincent Trocheck wins face-off versus Elias Lindholm in St.Louis Blues zone.
9:16 of 2nd period - Vincent Trocheck is hit by Josh Anderson.
9:32 of 2nd period - Wrist shot by Elias Pettersson.
9:32 of 2nd period - Stopped by Alex Lyon with a rebound.
9:34 of 2nd period - Slapshot by Mikhail Sergachev.
9:34 of 2nd period - Deflect By Elias Pettersson.
9:34 of 2nd period - Shot Blocked by Brendan Gallagher.
9:34 of 2nd period - Puck is out of play.
9:35 of 2nd period - Jack Drury wins face-off versus Robert Thomas in Dallas Stars zone.
10:00 of 2nd period - Mark Stone is hit by Jordan Greenway and loses puck.
10:21 of 2nd period - Wrist shot by Vincent Trocheck.
10:21 of 2nd period - Stopped by Alex Lyon with a rebound.
10:23 of 2nd period - Slapshot by Vincent Trocheck.
10:23 of 2nd period - Shot Blocked by Cam York.
10:25 of 2nd period - Slapshot by Artem Zub.
10:25 of 2nd period - Stopped by Alex Lyon with a rebound.
10:27 of 2nd period - Slapshot by Artem Zub.
10:27 of 2nd period - Shot Blocked by Cam York.
10:39 of 2nd period - Minor Penalty to Arber Xhekaj for Delaying the game.
10:40 of 2nd period - Jordan Martinook wins face-off versus Robert Thomas in Dallas Stars zone.
11:08 of 2nd period - Icing by Vincent Trocheck.
11:09 of 2nd period - Vincent Trocheck wins face-off versus Elias Lindholm in St.Louis Blues zone.
11:14 of 2nd period - Slapshot by Brayden Point.
11:14 of 2nd period - Shot Blocked by Trevor van Riemsdyk.
11:16 of 2nd period - Snap shot by Alex Tuch.
11:16 of 2nd period - Stopped by Alex Lyon without a rebound.
11:17 of 2nd period - Jordan Martinook wins face-off versus Robert Thomas in Dallas Stars zone.
12:39 of 2nd period - Penalty to Arber Xhekaj is over, Arber Xhekaj is back on ice.
12:45 of 2nd period - Minor Penalty to Adam Pelech for Hooking.
12:46 of 2nd period - Isac Lundestrom wins face-off versus Luke Kunin in St.Louis Blues zone.
12:58 of 2nd period - Snap shot by Luke Kunin.
12:58 of 2nd period - Shot Blocked by Jake Sanderson.
13:10 of 2nd period - Jordan Martinook is hit by Isac Lundestrom and loses puck.
13:33 of 2nd period - Wrist shot by Jordan Martinook.
13:33 of 2nd period - Shot Misses the Net.
13:35 of 2nd period - Slapshot by Jakob Chychrun.
13:35 of 2nd period - Shot Misses the Net.
13:37 of 2nd period - Snap shot by Rasmus Ristolainen.
13:37 of 2nd period - Stopped by Connor Hellebuyck without a rebound.
13:38 of 2nd period - Brendan Gallagher wins face-off versus Isac Lundestrom in St.Louis Blues zone.
14:21 of 2nd period - Snap shot by Elias Lindholm.
14:21 of 2nd period - Shot Misses the Net.
14:23 of 2nd period - Snap shot by Elias Lindholm.
14:23 of 2nd period - Shot Misses the Net.
14:25 of 2nd period - Slapshot by Rasmus Ristolainen.
14:25 of 2nd period - Shot Misses the Net.
14:27 of 2nd period - Snap shot by Josh Anderson.
14:27 of 2nd period - Shot Blocked by Artem Zub.
14:29 of 2nd period - Snap shot by Elias Lindholm.
14:29 of 2nd period - Deflect By Josh Anderson.
14:29 of 2nd period - Shot Blocked by Artem Zub.
14:29 of 2nd period - Puck is out of play.
14:30 of 2nd period - Luke Kunin wins face-off versus Isac Lundestrom in St.Louis Blues zone.
14:45 of 2nd period - Penalty to Adam Pelech is over, Adam Pelech is back on ice.
15:33 of 2nd period - Slapshot by Jakob Chychrun.
15:33 of 2nd period - Shot Misses the Net.
15:35 of 2nd period - Slapshot by Jordan Greenway.
15:35 of 2nd period - Stopped by Connor Hellebuyck with a rebound.
15:37 of 2nd period - Wrist shot by Jordan Greenway.
15:37 of 2nd period - Goal by Jordan Greenway - St.Louis Blues : 2 - Dallas Stars : 3.
15:38 of 2nd period - Luke Kunin wins face-off versus Robert Thomas in neutral zone.
16:12 of 2nd period - Josh Anderson is hit by Adam Pelech and loses puck.
16:27 of 2nd period - Wrist shot by Alex Iafallo.
16:27 of 2nd period - Stopped by Connor Hellebuyck with a rebound.
16:48 of 2nd period - Slapshot by Jake Sanderson.
16:48 of 2nd period - Stopped by Alex Lyon without a rebound.
16:49 of 2nd period - Isac Lundestrom wins face-off versus Philip Tomasino in Dallas Stars zone.
16:50 of 2nd period - Snap shot by Jake Sanderson.
16:50 of 2nd period - Stopped by Alex Lyon with a rebound.
16:58 of 2nd period - Slapshot by Jonatan Berggren.
16:58 of 2nd period - Stopped by Connor Hellebuyck with a rebound.
17:00 of 2nd period - Slapshot by Jonatan Berggren.
17:00 of 2nd period - Shot Misses the Net.
17:02 of 2nd period - Slapshot by Arber Xhekaj.
17:02 of 2nd period - Stopped by Connor Hellebuyck without a rebound.
17:03 of 2nd period - Jordan Martinook wins face-off versus Brayden Point in St.Louis Blues zone.
17:18 of 2nd period - Slapshot by Jordan Martinook.
17:18 of 2nd period - Stopped by Connor Hellebuyck with a rebound.
17:21 of 2nd period - Brayden Point beats up Jordan Martinook.
17:21 of 2nd period - Penalty to Jordan Martinook for Fighting.
17:21 of 2nd period - Penalty to Brayden Point for Fighting.
17:22 of 2nd period - Elias Lindholm wins face-off versus Robert Thomas in St.Louis Blues zone.
17:33 of 2nd period - Jack Eichel is hit by Josh Anderson and loses puck.
17:48 of 2nd period - Jordan Greenway is hit by Brandon Hagel.
18:08 of 2nd period - Wrist shot by Brandon Hagel.
18:08 of 2nd period - Stopped by Alex Lyon with a rebound.
18:14 of 2nd period - Isac Lundestrom is hit by Jakob Chychrun and loses puck.
18:58 of 2nd period - Minor Penalty to Robert Thomas for Goalie Interference.
18:59 of 2nd period - Vincent Trocheck wins face-off versus Elias Lindholm in St.Louis Blues zone.
19:14 of 2nd period - Icing by Brendan Gallagher.
19:15 of 2nd period - Elias Lindholm wins face-off versus Vincent Trocheck in Dallas Stars zone.
19:22 of 2nd period - Connor Clifton is hit by Elias Lindholm and loses puck.
19:29 of 2nd period - Snap shot by Brendan Gallagher.
19:29 of 2nd period - Shot Misses the Net.
19:31 of 2nd period - Wrist shot by Elias Lindholm.
19:31 of 2nd period - Stopped by Connor Hellebuyck without a rebound.
19:32 of 2nd period - Luke Kunin wins face-off versus Isac Lundestrom in St.Louis Blues zone.
19:33 of 2nd period - Wrist shot by Alex Iafallo.
19:33 of 2nd period - Shot Misses the Net.
19:35 of 2nd period - Wrist shot by Alex Iafallo.
19:35 of 2nd period - Shot Misses the Net.
19:37 of 2nd period - Wrist shot by Alex Iafallo.
19:37 of 2nd period - Shot Misses the Net.
19:39 of 2nd period - Slapshot by Alex Iafallo.
19:39 of 2nd period - Stopped by Connor Hellebuyck without a rebound.
19:40 of 2nd period - Isac Lundestrom wins face-off versus Luke Kunin in St.Louis Blues zone.
19:53 of 2nd period - Slapshot by Vincent Trocheck.
19:53 of 2nd period - Shot Misses the Net.
Goals for this period are 2 for St.Louis Blues vs 2 for Dallas Stars.
Shots for this period are 17 for St.Louis Blues vs 13 for Dallas Stars.

3rd period


0:01 of 3rd period - Isac Lundestrom wins face-off versus Luke Kunin in neutral zone.
0:04 of 3rd period - Slapshot by Jaccob Slavin.
0:04 of 3rd period - Stopped by Alex Lyon with a rebound.
0:08 of 3rd period - Backhand shot by Logan O'Connor.
0:08 of 3rd period - Shot Blocked by Jordan Greenway.
0:10 of 3rd period - Slapshot by Jaccob Slavin.
0:10 of 3rd period - Shot Blocked by Jordan Greenway.
0:12 of 3rd period - Slapshot by Logan O'Connor.
0:12 of 3rd period - Shot Misses the Net.
0:14 of 3rd period - Slapshot by Logan O'Connor.
0:14 of 3rd period - Stopped by Alex Lyon with a rebound.
0:16 of 3rd period - Slapshot by Isac Lundestrom.
0:16 of 3rd period - Stopped by Alex Lyon without a rebound.
0:17 of 3rd period - Vincent Trocheck wins face-off versus Elias Lindholm in Dallas Stars zone.
0:58 of 3rd period - Penalty to Robert Thomas is over, Robert Thomas is back on ice.
2:08 of 3rd period - Cam York is hit by Jake Sanderson and loses puck.
3:11 of 3rd period - Artem Zub is hit by Rasmus Ristolainen and loses puck.
3:16 of 3rd period - Backhand shot by Trent Frederic.
3:16 of 3rd period - Deflect By Jack Drury.
3:16 of 3rd period - Shot Blocked by Brayden Point.
3:16 of 3rd period - Puck is out of play.
3:17 of 3rd period - Luke Kunin wins face-off versus Isac Lundestrom in St.Louis Blues zone.
3:30 of 3rd period - Trevor van Riemsdyk is hit by Connor Clifton and loses puck.
3:55 of 3rd period - Artem Zub is hit by Dougie Hamilton and loses puck.
4:10 of 3rd period - Rasmus Ristolainen is hit by Jake Sanderson and loses puck.
4:47 of 3rd period - Slapshot by Mikhail Sergachev.
4:47 of 3rd period - Stopped by Alex Lyon without a rebound.
4:48 of 3rd period - Isac Lundestrom wins face-off versus Luke Kunin in Dallas Stars zone.
5:01 of 3rd period - Slapshot by Jordan Martinook.
5:01 of 3rd period - Deflect By Luke Kunin.
5:01 of 3rd period - Stopped by Connor Hellebuyck without a rebound.
5:02 of 3rd period - Elias Lindholm wins face-off versus Robert Thomas in St.Louis Blues zone.
5:24 of 3rd period - Icing by Jaccob Slavin.
5:25 of 3rd period - Brayden Point wins face-off versus Luke Kunin in St.Louis Blues zone.
5:30 of 3rd period - Snap shot by Brayden Point.
5:30 of 3rd period - Shot Misses the Net.
5:52 of 3rd period - Icing by Josh Anderson.
5:53 of 3rd period - Elias Lindholm wins face-off versus Robert Thomas in Dallas Stars zone.
6:28 of 3rd period - Slapshot by Jordan Greenway.
6:28 of 3rd period - Stopped by Connor Hellebuyck with a rebound.
6:30 of 3rd period - Slapshot by Luke Kunin.
6:30 of 3rd period - Shot Blocked by Jake Sanderson.
6:32 of 3rd period - Slapshot by Jakob Chychrun.
6:32 of 3rd period - Shot Misses the Net.
6:42 of 3rd period - Jake Sanderson is hit by Trent Frederic and loses puck.
6:51 of 3rd period - Snap shot by Jack Drury.
6:51 of 3rd period - Shot Blocked by Jake Sanderson.
8:39 of 3rd period - Minor Penalty to Arber Xhekaj for Roughing.
8:40 of 3rd period - Brendan Gallagher wins face-off versus Robert Thomas in Dallas Stars zone.
8:40 of 3rd period - Brendan Gallagher is hit by Jack Eichel.
8:49 of 3rd period - Slapshot by Brayden Point.
8:49 of 3rd period - Deflect By Jack Eichel.
8:49 of 3rd period - Shot Blocked by Jakob Chychrun.
8:49 of 3rd period - Puck is out of play.
8:50 of 3rd period - Robert Thomas wins face-off versus Josh Anderson in Dallas Stars zone.
9:01 of 3rd period - Snap shot by Robert Thomas.
9:01 of 3rd period - Shot Misses the Net.
9:03 of 3rd period - Wrist shot by Jack Eichel.
9:03 of 3rd period - Shot Blocked by Trevor van Riemsdyk.
9:23 of 3rd period - Snap shot by Josh Anderson.
9:23 of 3rd period - Stopped by Connor Hellebuyck without a rebound.
9:24 of 3rd period - Jordan Martinook wins face-off versus Vincent Trocheck in St.Louis Blues zone.
9:27 of 3rd period - Wrist shot by Brendan Gallagher.
9:27 of 3rd period - Stopped by Connor Hellebuyck without a rebound.
9:28 of 3rd period - Jordan Martinook wins face-off versus Vincent Trocheck in St.Louis Blues zone.
9:29 of 3rd period - Snap shot by Brendan Gallagher.
9:29 of 3rd period - Shot Misses the Net.
10:01 of 3rd period - Snap shot by Vincent Trocheck.
10:01 of 3rd period - Stopped by Alex Lyon without a rebound.
10:02 of 3rd period - Elias Lindholm wins face-off versus Robert Thomas in Dallas Stars zone.
10:13 of 3rd period - Brendan Gallagher is hit by Robert Thomas and loses puck.
10:18 of 3rd period - Snap shot by Robert Thomas.
10:18 of 3rd period - Shot Blocked by Jordan Martinook.
10:28 of 3rd period - Jakob Chychrun is hit by Alex Tuch and loses puck.
10:39 of 3rd period - Penalty to Arber Xhekaj is over, Arber Xhekaj is back on ice.
10:47 of 3rd period - Dougie Hamilton is hit by Mikhail Sergachev and loses puck.
11:02 of 3rd period - Snap shot by Josh Anderson.
11:02 of 3rd period - Stopped by Connor Hellebuyck without a rebound.
11:03 of 3rd period - Jack Drury wins face-off versus Robert Thomas in St.Louis Blues zone.
11:16 of 3rd period - Snap shot by Robert Thomas.
11:16 of 3rd period - Shot Misses the Net.
11:52 of 3rd period - Cam York is hit by Joona Koppanen and loses puck.
12:16 of 3rd period - Slapshot by Vincent Trocheck.
12:16 of 3rd period - Stopped by Alex Lyon with a rebound.
12:18 of 3rd period - Snap shot by Jaccob Slavin.
12:18 of 3rd period - Stopped by Alex Lyon without a rebound.
12:19 of 3rd period - Vincent Trocheck wins face-off versus Luke Kunin in Dallas Stars zone.
12:20 of 3rd period - Wrist shot by Alex Tuch.
12:20 of 3rd period - Deflect By Vincent Trocheck.
12:20 of 3rd period - Shot Blocked by Rasmus Ristolainen.
12:20 of 3rd period - Puck is out of play.
12:21 of 3rd period - Robert Thomas wins face-off versus Jordan Greenway in Dallas Stars zone.
12:24 of 3rd period - Snap shot by Jake Guentzel.
12:24 of 3rd period - Stopped by Alex Lyon without a rebound.
12:25 of 3rd period - Jack Eichel wins face-off versus Luke Kunin in Dallas Stars zone.
12:26 of 3rd period - Snap shot by Robert Thomas.
12:26 of 3rd period - Stopped by Alex Lyon without a rebound.
12:27 of 3rd period - Luke Kunin wins face-off versus Robert Thomas in Dallas Stars zone.
12:34 of 3rd period - Slapshot by Luke Kunin.
12:34 of 3rd period - Stopped by Connor Hellebuyck with a rebound.
12:36 of 3rd period - Snap shot by Rasmus Ristolainen.
12:36 of 3rd period - Shot Misses the Net.
12:40 of 3rd period - Snap shot by Jordan Greenway.
12:40 of 3rd period - Shot Hit the Post.
13:00 of 3rd period - Wrist shot by Elias Lindholm.
13:00 of 3rd period - Shot Misses the Net.
13:02 of 3rd period - Snap shot by Rasmus Ristolainen.
13:02 of 3rd period - Stopped by Connor Hellebuyck without a rebound.
13:03 of 3rd period - Luke Kunin wins face-off versus Brayden Point in St.Louis Blues zone.
14:02 of 3rd period - Wrist shot by Brendan Gallagher.
14:02 of 3rd period - Shot Misses the Net.
14:23 of 3rd period - Slapshot by Jaccob Slavin.
14:23 of 3rd period - Stopped by Alex Lyon with a rebound.
14:25 of 3rd period - Slapshot by Jaccob Slavin.
14:25 of 3rd period - Stopped by Alex Lyon without a rebound.
14:26 of 3rd period - Brayden Point wins face-off versus Luke Kunin in Dallas Stars zone.
14:43 of 3rd period - Snap shot by Brayden Point.
14:43 of 3rd period - Stopped by Alex Lyon without a rebound.
14:44 of 3rd period - Jack Drury wins face-off versus Robert Thomas in Dallas Stars zone.
15:09 of 3rd period - Alex Tuch is hit by Brendan Gallagher and loses puck.
15:15 of 3rd period - Icing by Jaccob Slavin.
15:16 of 3rd period - Vincent Trocheck wins face-off versus Jack Drury in St.Louis Blues zone.
15:16 of 3rd period - Vincent Trocheck is hit by Jack Drury.
16:04 of 3rd period - Snap shot by Jack Drury.
16:04 of 3rd period - Shot Misses the Net.
16:08 of 3rd period - Snap shot by Trent Frederic.
16:08 of 3rd period - Stopped by Connor Hellebuyck with a rebound.
16:32 of 3rd period - Slapshot by Jack Drury.
16:32 of 3rd period - Stopped by Connor Hellebuyck without a rebound.
16:33 of 3rd period - Robert Thomas wins face-off versus Elias Lindholm in St.Louis Blues zone.
17:05 of 3rd period - Off-side.
17:06 of 3rd period - Brayden Point wins face-off versus Luke Kunin in neutral zone.
17:11 of 3rd period - Brandon Hagel is hit by Luke Kunin and loses puck.
17:34 of 3rd period - Snap shot by Luke Kunin.
17:34 of 3rd period - Deflect By Jordan Martinook.
17:34 of 3rd period - Shot Blocked by Connor Clifton.
17:34 of 3rd period - Puck is out of play.
17:35 of 3rd period - Elias Lindholm wins face-off versus Robert Thomas in St.Louis Blues zone.
17:38 of 3rd period - Wrist shot by Brendan Gallagher.
17:38 of 3rd period - Shot Misses the Net.
17:50 of 3rd period - Wrist shot by Elias Lindholm.
17:50 of 3rd period - Shot Misses the Net.
18:00 of 3rd period - Jakob Chychrun is hit by Elias Pettersson and loses puck.
18:33 of 3rd period - St.Louis Blues, Connor Hellebuyck is pulled from the net.
19:24 of 3rd period - Snap shot by Elias Lindholm.
19:24 of 3rd period - Goal by Elias Lindholm - St.Louis Blues : 2 - Dallas Stars : 4.
19:24 of 3rd period - Connor Hellebuyck from St.Louis Blues was sent back in the game.
19:25 of 3rd period - Jack Drury wins face-off versus Vincent Trocheck in neutral zone.
19:35 of 3rd period - Wrist shot by Jack Drury.
19:35 of 3rd period - Stopped by Connor Hellebuyck with a rebound.
19:37 of 3rd period - Slapshot by Trevor van Riemsdyk.
19:37 of 3rd period - Shot Misses the Net.
Goals for this period are 0 for St.Louis Blues vs 1 for Dallas Stars.
Shots for this period are 12 for St.Louis Blues vs 11 for Dallas Stars.